TOP OF THE 1ST |
Columbia River Rats batting - Pitching for Grim Reapers : RHP Al Turner
|
Pitching: RHP Al Turner
|
|
Batting: LHB Kevin McIndeor
|
0-0: Called Strike 0-1: Swinging Strike 0-2: Ball 1-2: Ball 2-2: Foul Ball, location: 2F 2-2: Ball 3-2: Base on Balls
|
Batting: LHB Bruce Webster
|
0-0: Called Strike 0-1: Ball 1-1: Ball 2-1: Ball 3-1: Foul Ball, location: 2F 3-2: SINGLE (Line Drive, 89S) Kevin McIndeor to second Throwing error, E9 Kevin McIndeor scores Bruce Webster to second
|
Batting: RHB Tyler Bowen
|
0-0: Called Strike 0-1: Foul Ball, location: 2F 0-2: Strikes out looking
|
Batting: LHB King Rutledge
|
0-0: Called Strike 0-1: Ball 1-1: Ball 2-1: Ball 3-1: Foul Ball, location: 2F 3-2: Base on Balls
|
Batting: SHB Brian Burt
|
0-0: Called Strike 0-1: Foul Ball, location: 2F 0-2: Strikes out swinging
|
Batting: RHB Tae-wan Park
|
0-0: Swinging Strike 0-1: Ball 1-1: Ball 2-1: Ball 3-1: Swinging Strike 3-2: Foul Ball, location: 2F 3-2: Base on Balls Bruce Webster to third King Rutledge to second
|
Batting: RHB Don Skerrett
|
0-0: Foul Ball, location: 2F 0-1: Ball 1-1: Fielders Choice at 2nd, 5-4 (Groundball, 56)
|
Top of the 1st over - 1 run, 1 hit, 1 error, 3 left on base; Columbia 1 - Grim 0 |
BOTTOM OF THE 1ST |
Grim Reapers batting - Pitching for Columbia River Rats : RHP Alberto Ortíz
|
Pitching: RHP Alberto Ortíz
|
|
Batting: RHB Tsuneari Hirano
|
0-0: Ground out 4-3 (Groundball, 4)
|
Batting: SHB Tekkan Hayagawa
|
0-0: Swinging Strike 0-1: Swinging Strike 0-2: Foul Ball, location: 2F 0-2: Strikes out swinging
|
Batting: RHB Bearooz Yacoobi
|
0-0: Called Strike 0-1: Swinging Strike 0-2: Ball 1-2: Ball 2-2: Foul Ball, location: 2F 2-2: Ball 3-2: Strikes out swinging
|
Bottom of the 1st over - 0 runs, 0 hits, 0 errors, 0 left on base; Columbia 1 - Grim 0 |
TOP OF THE 2ND |
Columbia River Rats batting - Pitching for Grim Reapers : RHP Al Turner
|
Batting: RHB Marcos Martínez
|
0-0: Ball 1-0: Fly out, F8 (Flyball, 8RM)
|
Batting: RHB José Palma
|
0-0: Ball 1-0: Foul Ball, location: 2F 1-1: Ground out 6-3 (Groundball, 56)
|
Batting: LHB Kevin McIndeor
|
0-0: Ball 1-0: Swinging Strike 1-1: Foul Ball, location: 2F 1-2: Ball 2-2: Foul Ball, location: 2F 2-2: Ball 3-2: Ground out 4-3 (Groundball, 4)
|
Top of the 2nd over - 0 runs, 0 hits, 0 errors, 0 left on base; Columbia 1 - Grim 0 |
BOTTOM OF THE 2ND |
Grim Reapers batting - Pitching for Columbia River Rats : RHP Alberto Ortíz
|
Batting: LHB Semo Hoaloha
|
0-0: Foul Ball, location: 2F 0-1: Ball 1-1: Fly out, F3 (Flyball, 3D)
|
Batting: RHB Jaxton Goleta
|
0-0: Ball 1-0: Ball 2-0: Called Strike 2-1: Foul Ball, location: 2F 2-2: Reached on error, E3 (Popup, 34S)
|
Batting: SHB Takechi Yamashita
|
0-0: Ball 1-0: Ball 2-0: Ball 3-0: Called Strike 3-1: SINGLE (Groundball, 6D) Jaxton Goleta to second
|
Batting: RHB Joe Rodgers
|
0-0: Ball 1-0: Fly out, F7 (Flyball, 7S)
|
Batting: RHB Chi-eun Mun
|
0-0: Fly out, F7 (Line Drive, 7D)
|
Bottom of the 2nd over - 0 runs, 1 hit, 1 error, 2 left on base; Columbia 1 - Grim 0 |
TOP OF THE 3RD |
Columbia River Rats batting - Pitching for Grim Reapers : RHP Al Turner
|
Batting: LHB Bruce Webster
|
0-0: Ground out 4-3 (Groundball, 4M)
|
Batting: RHB Tyler Bowen
|
0-0: Ground out 6-3 (Groundball, 56)
|
Batting: LHB King Rutledge
|
0-0: Ball 1-0: Ball 2-0: Ball 3-0: Base on Balls
|
Batting: SHB Brian Burt
|
0-0: Ball 1-0: Called Strike 1-1: Ball 2-1: Ball 3-1: Fly out, F4 (Popup, 4M)
|
Top of the 3rd over - 0 runs, 0 hits, 0 errors, 1 left on base; Columbia 1 - Grim 0 |
BOTTOM OF THE 3RD |
Grim Reapers batting - Pitching for Columbia River Rats : RHP Alberto Ortíz
|
Batting: RHB Marvin Strickland
|
0-0: Ball 1-0: Foul Ball, location: 2F 1-1: Swinging Strike 1-2: Ball 2-2: Strikes out swinging
|
Batting: RHB Tsuneari Hirano
|
0-0: Ball 1-0: Called Strike 1-1: Ball 2-1: Swinging Strike 2-2: Strikes out swinging
|
Batting: SHB Tekkan Hayagawa
|
0-0: Foul Ball, location: 2F 0-1: Foul Ball, location: 2F 0-2: Ball 1-2: SINGLE (Groundball, 4MD)
|
Batting: RHB Bearooz Yacoobi
|
0-0: Ball 1-0: SINGLE (Groundball, 34D) Tekkan Hayagawa to second Runner from 2nd tries for 3rd, SAFE, no throw
|
Batting: LHB Semo Hoaloha
|
0-0: Ball 1-0: Called Strike 1-1: Foul Ball, location: 2F 1-2: Foul Ball, location: 2F 1-2: Ball 2-2: Strikes out swinging
|
Bottom of the 3rd over - 0 runs, 2 hits, 0 errors, 2 left on base; Columbia 1 - Grim 0 |
TOP OF THE 4TH |
Columbia River Rats batting - Pitching for Grim Reapers : RHP Al Turner
|
Batting: RHB Tae-wan Park
|
0-0: Ball 1-0: Ball 2-0: Ball 3-0: Called Strike 3-1: Base on Balls
|
Batting: RHB Don Skerrett
|
0-0: Ball 1-0: Foul Ball, location: 2F 1-1: Grounds into double play, 6-4-3 (Groundball, 6)
|
Batting: RHB Marcos Martínez
|
0-0: Called Strike 0-1: Foul Ball, location: 2F 0-2: Strikes out swinging
|
Top of the 4th over - 0 runs, 0 hits, 0 errors, 0 left on base; Columbia 1 - Grim 0 |
BOTTOM OF THE 4TH |
Grim Reapers batting - Pitching for Columbia River Rats : RHP Alberto Ortíz
|
Batting: RHB Jaxton Goleta
|
0-0: Ball 1-0: Called Strike 1-1: Called Strike 1-2: Ball 2-2: Foul Ball, location: 2F 2-2: Fly out, F8 (Flyball, 8LM)
|
Batting: SHB Takechi Yamashita
|
0-0: Ball 1-0: Foul Ball, location: 2F 1-1: Fly out, F8 (Flyball, 8LM)
|
Batting: RHB Joe Rodgers
|
0-0: Foul Ball, location: 2F 0-1: Ball 1-1: Foul Ball, location: 2F 1-2: Foul Ball, location: 2F 1-2: Ball 2-2: Ball 3-2: Foul Ball, location: 2F 3-2: Ground out 3-1 (Groundball, 34)
|
Bottom of the 4th over - 0 runs, 0 hits, 0 errors, 0 left on base; Columbia 1 - Grim 0 |
TOP OF THE 5TH |
Columbia River Rats batting - Pitching for Grim Reapers : RHP Al Turner
|
Batting: RHB José Palma
|
0-0: Swinging Strike 0-1: Reached on error, E5 (Groundball, 5S)
|
Batting: LHB Kevin McIndeor
|
0-0: Bunt missed! 0-1: Bunted foul 0-2: Ball 1-2: Fly out, F9 (Flyball, 9LM)
|
Batting: LHB Bruce Webster
|
0-0: SINGLE (Groundball, 3) (infield hit) José Palma to second
|
Batting: RHB Tyler Bowen
|
0-0: Called Strike 0-1: Ball 1-1: Fly out, F6 (Line Drive, 6M)
|
Batting: LHB King Rutledge
|
0-0: Foul Ball, location: 2F 0-1: Ball 1-1: Foul Ball, location: 2F 1-2: Ground out 4-3 (Groundball, 4)
|
Top of the 5th over - 0 runs, 1 hit, 1 error, 2 left on base; Columbia 1 - Grim 0 |
BOTTOM OF THE 5TH |
Grim Reapers batting - Pitching for Columbia River Rats : RHP Alberto Ortíz
|
Batting: RHB Chi-eun Mun
|
0-0: Foul Ball, location: 2F 0-1: Ball 1-1: Ball 2-1: Bunt missed! 2-2: Strikes out swinging
|
Batting: RHB Marvin Strickland
|
0-0: Ball 1-0: Called Strike 1-1: Ball 2-1: Foul Ball, location: 2F 2-2: Ball 3-2: Base on Balls
|
Batting: RHB Tsuneari Hirano
|
0-0: Ground out 5-3 (Groundball, 56S) Marvin Strickland to second
|
Batting: SHB Tekkan Hayagawa
|
0-0: SINGLE (Groundball, 4MD) Marvin Strickland to third Runner from 3rd tries for Home, SAFE, throw made home
|
Batting: RHB Bearooz Yacoobi
|
0-0: Ball 1-0: Fly out, F8 (Flyball, 8LXD)
|
Bottom of the 5th over - 1 run, 1 hit, 0 errors, 1 left on base; Columbia 1 - Grim 1 |
TOP OF THE 6TH |
Columbia River Rats batting - Pitching for Grim Reapers : RHP Al Turner
|
Batting: SHB Brian Burt
|
0-0: Ball 1-0: Ground out 5-3 (Groundball, 56)
|
Batting: RHB Tae-wan Park
|
0-0: Foul Ball, location: 2F 0-1: Fly out, F1 (Line Drive, 13)
|
Batting: RHB Don Skerrett
|
0-0: Ball 1-0: Called Strike 1-1: Ball 2-1: SINGLE (Groundball, 6MD)
|
Pitching: RHP César Morales
|
|
Batting: RHB Marcos Martínez
|
0-0: Swinging Strike 0-1: Ball 1-1: Ball 2-1: Foul Ball, location: 2F 2-2: Strikes out swinging
|
Top of the 6th over - 0 runs, 1 hit, 0 errors, 1 left on base; Columbia 1 - Grim 1 |
BOTTOM OF THE 6TH |
Grim Reapers batting - Pitching for Columbia River Rats : RHP Alberto Ortíz
|
Batting: LHB Semo Hoaloha
|
0-0: DOUBLE (Flyball, 89XD)
|
Batting: RHB Jaxton Goleta
|
0-0: Ball 1-0: Called Strike 1-1: Foul Ball, location: 2F 1-2: Ball 2-2: Strikes out swinging
|
Batting: SHB Takechi Yamashita
|
0-0: Ball 1-0: Called Strike 1-1: Swinging Strike 1-2: Foul Ball, location: 2F 1-2: Strikes out swinging
|
Batting: RHB Joe Rodgers
|
0-0: Ball 1-0: Ball 2-0: Ball 3-0: Base on Balls
|
Batting: RHB Chi-eun Mun
|
0-0: Swinging Strike 0-1: Ball 1-1: Ball 2-1: Called Strike 2-2: Foul Ball, location: 2F 2-2: Strikes out swinging
|
Bottom of the 6th over - 0 runs, 1 hit, 0 errors, 2 left on base; Columbia 1 - Grim 1 |
TOP OF THE 7TH |
Columbia River Rats batting - Pitching for Grim Reapers : RHP César Morales
|
Pinch Hitting: LHB Seika Hagiwara
|
0-0: Ball 1-0: Foul Ball, location: 2F 1-1: Foul Ball, location: 2F 1-2: Ball 2-2: Ball 3-2: SINGLE (Line Drive, 4M)
|
Batting: LHB Kevin McIndeor
|
0-0: Sac Bunt - play at first, batter OUT! 3-4 Seika Hagiwara to second
|
Batting: LHB Bruce Webster
|
0-0: Ball 1-0: Called Strike 1-1: Swinging Strike 1-2: Ball 2-2: Strikes out looking
|
Batting: RHB Tyler Bowen
|
0-0: Swinging Strike 0-1: Foul Ball, location: 2F 0-2: Foul Ball, location: 2F 0-2: Foul Ball, location: 2F 0-2: Ball 1-2: Strikes out looking
|
Top of the 7th over - 0 runs, 1 hit, 0 errors, 1 left on base; Columbia 1 - Grim 1 |
BOTTOM OF THE 7TH |
Grim Reapers batting - Pitching for Columbia River Rats : RHP Alberto Ortíz
|
Pitching: LHP Stewart Cartwright
|
|
Now at SS: Seika Hagiwara
|
|
Batting: RHB Marvin Strickland
|
0-0: Ball 1-0: Foul Ball, location: 2F 1-1: Called Strike 1-2: Strikes out swinging
|
Batting: RHB Tsuneari Hirano
|
0-0: Ball 1-0: Foul Ball, location: 2F 1-1: Ball 2-1: Foul Ball, location: 2F 2-2: SINGLE (Line Drive, 8LS)
|
Batting: SHB Tekkan Hayagawa
|
0-0: Called Strike 0-1: Ball 1-1: Ball 2-1: Swinging Strike 2-2: Foul Ball, location: 2F 2-2: Ball 3-2: Foul Ball, location: 2F 3-2: Strikes out swinging
|
Pitching: RHP Robert Snoddy
|
|
Batting: RHB Bearooz Yacoobi
|
0-0: Called Strike 0-1: Ball 1-1: Foul Ball, location: 2F 1-2: Fly out, F7 (Flyball, 7LM)
|
Bottom of the 7th over - 0 runs, 1 hit, 0 errors, 1 left on base; Columbia 1 - Grim 1 |
TOP OF THE 8TH |
Columbia River Rats batting - Pitching for Grim Reapers : RHP César Morales
|
Batting: LHB King Rutledge
|
0-0: Foul Ball, location: 2F 0-1: Ball 1-1: DOUBLE (Groundball, 3L) - OUT at third base trying to stretch hit.
|
Batting: SHB Brian Burt
|
0-0: Ball 1-0: Swinging Strike 1-1: Ball 2-1: Fly out, F7 (Flyball, 7LDF)
|
Batting: RHB Tae-wan Park
|
0-0: Foul Ball, location: 2F 0-1: Ball 1-1: Swinging Strike 1-2: Fly out, F5 (Popup, 5DF)
|
Top of the 8th over - 0 runs, 1 hit, 0 errors, 0 left on base; Columbia 1 - Grim 1 |
BOTTOM OF THE 8TH |
Grim Reapers batting - Pitching for Columbia River Rats : RHP Robert Snoddy
|
Batting: LHB Semo Hoaloha
|
0-0: Ball 1-0: Called Strike 1-1: Called Strike 1-2: Foul Ball, location: 2F 1-2: Foul Ball, location: 2F 1-2: Ball 2-2: Foul Ball, location: 2F 2-2: DOUBLE (Line Drive, 8LD)
|
Batting: RHB Jaxton Goleta
|
0-0: Called Strike 0-1: Ball 1-1: Fly out, F8 (Flyball, 8LM)
|
Batting: SHB Takechi Yamashita
|
0-0: Ball 1-0: Swinging Strike 1-1: Ball Balk! Semo Hoaloha to third 2-1: Ball 3-1: Fly out, F8 (Flyball, 8RD) Runner from 3rd tags up, SCORES, throw made
|
Batting: RHB Joe Rodgers
|
0-0: Ball 1-0: Ball 2-0: Ball 3-0: Base on Balls
|
Pinch Hitting: SHB John Wilder
|
0-0: Called Strike 0-1: Ball 1-1: Ball 2-1: Foul Ball, location: 2F 2-2: Ball 3-2: Strikes out swinging
|
Bottom of the 8th over - 1 run, 1 hit, 0 errors, 1 left on base; Columbia 1 - Grim 2 |
TOP OF THE 9TH |
Columbia River Rats batting - Pitching for Grim Reapers : RHP César Morales
|
Pitching: RHP Jerry Magee
|
|
Now at C: Nobuhisa Kuwabara
|
|
Now in RF: Guo-liang Ye
|
|
Batting: RHB Don Skerrett
|
0-0: Ball 1-0: Called Strike 1-1: Ball 2-1: Swinging Strike 2-2: Ball 3-2: Base on Balls
|
Batting: RHB Marcos Martínez
|
0-0: Foul Ball, location: 2F 0-1: SINGLE (Flyball, 9LM) Don Skerrett to second Runner from 2nd tries for 3rd, SAFE, no throw
|
Batting: LHB Seika Hagiwara
|
0-0: Called Strike 0-1: Ball 1-1: Foul Ball, location: 2F 1-2: Foul Ball, location: 2F 1-2: Ball 2-2: Foul Ball, location: 2F 2-2: Ball 3-2: Base on Balls Marcos Martínez to second
|
Batting: LHB Kevin McIndeor
|
0-0: Ball 1-0: Called Strike 1-1: Grounds into fielders choice 6-2 (Groundball, 6) Marcos Martínez to third Seika Hagiwara to second
|
Batting: LHB Bruce Webster
|
0-0: Ball 1-0: Ball 2-0: Called Strike 2-1: Fly out, F6 (Flyball, 56D)
|
Batting: RHB Tyler Bowen
|
0-0: Ball 1-0: Ball 2-0: Ball 3-0: Base on Balls Marcos Martínez scores Seika Hagiwara to third Kevin McIndeor to second
|
Batting: LHB King Rutledge
|
0-0: Ball 1-0: Fly out, F7 (Flyball, 7S)
|
Top of the 9th over - 1 run, 1 hit, 0 errors, 3 left on base; Columbia 2 - Grim 2 |
BOTTOM OF THE 9TH |
Grim Reapers batting - Pitching for Columbia River Rats : RHP Robert Snoddy
|
Pitching: LHP Larcena Pennington
|
|
Batting: RHB Marvin Strickland
|
0-0: Ball 1-0: Ball 2-0: Foul Ball, location: 2F 2-1: Foul Ball, location: 2F 2-2: Ball 3-2: Foul Ball, location: 2F 3-2: SINGLE (Flyball, 9LM)
|
Batting: RHB Tsuneari Hirano
|
0-0: Called Strike 0-1: Swinging Strike 0-2: Fly out, F1 (Line Drive, 13S)
|
Batting: SHB Tekkan Hayagawa
|
0-0: Called Strike 0-1: Ball 1-1: Called Strike 1-2: Fly out, F8 (Flyball, 8LM)
|
Batting: RHB Bearooz Yacoobi
|
0-0: Ball 1-0: Called Strike 1-1: Foul Ball, location: 2F 1-2: Ball 2-2: Foul Ball, location: 2F 2-2: 2-RUN HOME RUN (Flyball, 7D), Distance : 375 ft
|
Friday, March 29th, 2019 - OOTP Baseball 18.8 Build 76
|
|